 Dungeon Crawl Stone Soup version 0.18-a0-1109-gfc003ac (webtiles) character file.

144 4thArraOfDagon the Chopper (level 5, 0/47 HPs)
             Began as a Hill Orc Berserker on Jan 16, 2016.
             Was a Follower of Trog.
             Slain by a giant frog skeleton (3 damage)
             ... on level 5 of the Dungeon.
             The game lasted 00:02:39 (471 turns).

4thArraOfDagon the Chopper (Hill Orc Berserker)      Turns: 471, Time: 00:02:39

Health: 0/47       AC:  5    Str: 26    XL:     5   Next: 27%
Magic:  5/5        EV: 11    Int:  8    God:    Trog [*.....]
Gold:   37         SH:  0    Dex: 10    Spells: 0 memorised, 4 levels left

rFire  . . .     SeeInvis .     a - +0 hand axe
rCold  . . .     Gourm    .     f - +0 ring mail
rNeg   . . .     Faith    .     (no shield)
rPois  .         Spirit   .     (no helmet)
rElec  .         Dismiss  .     (no cloak)
rCorr  .         Reflect  .     (no gloves)
SustAt .         Harm     .     (no boots)
MR     .....                    (no amulet)
Stlth  ..........               (no ring)
                                g - +6 ring of strength

@: exhausted, not resistant to hostile enchantments, extremely unstealthy
A: no striking features
a: Berserk, Burn Spellbooks, Renounce Religion


You were on level 5 of the Dungeon.
You worshipped Trog.
Trog was aware of your devotion.
You were not hungry.

You visited 1 branch of the dungeon, and saw 5 of its levels.

You collected 37 gold pieces.

Inventory:

Hand Weapons
 a - a +0 hand axe (weapon)
Armour
 f - a +0 ring mail (worn)
Jewellery
 g - a +6 ring of strength (left hand)
Wands
 h - a wand of polymorph (19/24)
Scrolls
 d - 2 scrolls of enchant armour {unknown}
 e - a scroll of recharging {unknown}
 i - 2 scrolls of identify {unknown}
Potions
 k - a potion of resistance
Comestibles
 c - a bread ration
 j - 3 chunks of flesh


   Skills:
 + Level 4.7 Fighting
 * Level 6.0 Axes
 + Level 3.4 Armour
 - Level 1.5 Dodging


You had 4 spell levels left.
You didn't know any spells.

Dungeon Overview and Level Annotations

Branches:
Dungeon (5/15)
 Temple: D:4-7

Altars:
Fedhas
Kikubaaqudgha
The Shining One


Message History

Unknown command.
Drink which item? (? for menu, Esc to quit)
Okay, then.
The giant frog skeleton misses you. x2
Drink which item? (? for menu, Esc to quit)
It was a potion of resistance.
You feel protected.
The giant frog skeleton completely misses you.
The giant frog skeleton misses you.
Drink which item? (? for menu, Esc to quit)
It was a potion of cancellation.
Your magical effects are unravelling.
You feel magically purged.
You feel yourself speed up.
Your resistance to elements expires.
The giant frog skeleton barely misses you.
You barely miss the giant frog skeleton.
The giant frog skeleton hits you but does no damage.
The giant frog skeleton barely misses you.
You hit the giant frog skeleton. The giant frog skeleton hits you.
You die...

.... ##.## #..
... #.## #.# #
#.####.#####.#.#
.
#........รท.....#
.#
##.###.###.####.#
..# ##.## #.#
#.####$##
...###..# #Z#
#.#.....
..#...#.# ...
#@#..# ..##..#.#
... #.Z5.#
........#
.....#.......#
..<...###
.....##...##.#
####.## ###.# ..#
.. #.## ### #. #.


You could see a crimson imp and a giant frog skeleton.

Vanquished Creatures
  A phantom (D:4)
  An iguana (D:5)
  An adder (D:2)
  An ooze (D:2)
  An adder zombie (D:5)
  2 giant geckos
  An orc (D:4)
  A goblin (D:2)
  2 hobgoblins
  3 giant newts
  A jackal skeleton (D:4)
15 creatures vanquished.

Notes
Turn   | Place    | Note
--------------------------------------------------------------
     0 | D:1      | 4thArraOfDagon the Hill Orc Berserker began the quest for the Orb.
     0 | D:1      | Reached XP level 1. HP: 19/19 MP: 1/1
    80 | D:2      | Reached XP level 2. HP: 27/27 MP: 2/2
   101 | D:2      | Found a glowing golden altar of the Shining One.
   142 | D:2      | Found a blossoming altar of Fedhas.
   143 | D:2      | Found an ancient bone altar of Kikubaaqudgha.
   337 | D:4      | Noticed a phantom
   367 | D:4      | Reached XP level 3. HP: 28/33 MP: 3/3
   390 | D:4      | Killed a phantom
   390 | D:4      | Reached skill level 5 in Axes
   390 | D:4      | Reached XP level 4. HP: 15/41 MP: 4/4
   415 | D:5      | Entered Level 5 of the Dungeon
   439 | D:5      | Reached skill level 6 in Axes
   439 | D:5      | Reached XP level 5. HP: 27/47 MP: 5/5
   466 | D:5      | HP: 2/47 [giant frog skeleton (6)]
   471 | D:5      | Slain by a giant frog skeleton

Vault maps used:
D:1:      roderic_octagonal_star, minmay_misc_feat_enclosed, minmay_misc_feat_x,
          minmay_misc_feat_plants, fountainhead, feat_on_display
D:2:      grunt_temple_overflow_growth_and_decay, lemuel_doored_altar,
          hangedman_decor_slide_cut, minmay_statues_item,
          nicolae_tso_swordbearing_angel
D:3:      xom_teletrap_fun
D:4:      grunt_temple_overflow_octagram, first_bread
D:5:      basic_altar

Action                   |  1- 3 |  4- 6 || total
-------------------------+-------+-------++-------
Melee: Hand axe          |    41 |    25 ||    66
Invok: Berserk           |     3 |     1 ||     4
  Use: Potion            |     1 |     2 ||     3
  Eat: Chunk             |     1 |     2 ||     3
